 Dungeon Crawl Stone Soup version 0.30-a0-782-ge64f9170bb (webtiles) character file.

Game seed: 13408345860579505732

245 tilp the Slasher (level 6, -3/52 HPs)
             Began as a Meteoran Fighter on Feb 18, 2023.
             Succumbed to an orc wizard's poison
             ... on level 4 of the Dungeon.
             The game lasted 00:05:08 (1045 turns).

tilp the Slasher (Meteoran Fighter)                 Turns: 1045, Time: 00:05:09

Health: -3/52      AC:  9    Str: 18    XL:     6   Next: 59%
Magic:  7/7        EV:  7    Int: 10    God:
Gold:   133        SH:  5    Dex: 15    Spells: 5/5 levels left

rFire   . . .      SeeInvis +    a - +0 long sword (spect)
rCold   . . .      Faith    .    c - +0 buckler
rNeg    . . .      Spirit   .    m - +0 chain mail
rPois   .          Reflect  .    (no helmet)
rElec   .          Harm     .    (no cloak)
rCorr   .          Rampage  .    (no gloves)
Will    .....                    (no boots) Stlth
                                 (no amulet)
HPRegen 0.28/turn                o - ring of see invisible
MPRegen 0.10/turn                (no ring)

@: brilliant, lethally poisoned (-3 -> -27), glowing
A: sense surroundings 1, otherworldly, glowing, explore regen
a: no special abilities


You were on level 4 of the Dungeon.
You visited 1 branch of the dungeon, and saw 4 of its levels.

You collected 133 gold pieces.

Inventory:

Hand Weapons
 a - a +0 spectral long sword (weapon)
Missiles
 i - 2 poisoned darts (quivered)
 l - 24 stones
Armour
 c - a +0 buckler (worn)
 m - a +0 chain mail (worn)
 p - a +0 plate armour
Jewellery
 o - a ring of see invisible (left hand)
Scrolls
 b - a scroll of poison {unknown}
 e - 2 scrolls of vulnerability
 n - a scroll of fear {unknown}
Potions
 d - a potion of might
 f - a potion of berserk rage {unknown}
 g - a potion of brilliance
 h - a potion of attraction {unknown}
 j - a potion of flight {unknown}
 k - a potion of curing {unknown}
 q - a potion of heal wounds {unknown}


   Skills:
 * Level 4.0 Fighting
 * Level 6.0 Long Blades
 + Level 2.0 Throwing
 + Level 3.7 Armour
 + Level 2.0 Dodging
 + Level 3.7 Shields


You had 5 spell levels left.
You didn't know any spells.
Your spell library contained the following spells:

 Spells                   Type           Power      Damage    Failure   Level
 Scorch                   Fire           0%         2d5       100%        2
 Call Canine Familiar     Summ           0%         N/A       100%        3
 Portal Projectile        Hex/Tloc       0%         N/A       100%        3
 Flame Wave               Conj/Fire      0%         2d4       100%        4
 Leda's Liquefaction      Hex/Erth       0%         N/A       100%        4
 Summon Cactus Giant      Summ           0%         N/A       100%        6


Dungeon Overview and Level Annotations

Branches:
Dungeon (4/15) Zot: 1330
 Temple: D:4-7

Altars:
Cheibriados
Gozag
Kikubaaqudgha
Nemelex Xobeh
Qazlal
Xom
Yredelemnul

Annotations:
D:4 2 transporters


Innate Abilities, Weirdness & Mutations

You passively map a small area around you.
You are easily found by Zot.
You glow in the dark.
You regain HP and MP as you explore.


Message History

You hit the orc wizard.
The orc wizard is moderately wounded.
You feel very sick.
The orc throws a boomerang.
The boomerang barely misses the orc wizard.
The boomerang hits you but does no damage.
The orc wizard hits you with a +2 dagger of venom.
You are more poisoned.
You barely miss the orc wizard.
The orc wizard is moderately wounded.
* * * LOW HITPOINT WARNING * * *
You feel very sick.
The orc wizard hits you but does no damage.
You are lethally poisoned!
The orc throws a boomerang.
The boomerang barely misses the orc wizard.
The boomerang closely misses you.
The orc throws a boomerang.
The boomerang hits the orc wizard.
You hit the orc wizard but do no damage.
The orc wizard is severely wounded.
* * * LOW HITPOINT WARNING * * *
You feel extremely sick.
The orc throws a boomerang.
The boomerang barely misses the orc wizard.
The boomerang hits you but does no damage.
The orc wizard hits you with a +2 dagger of venom.
* * * LOW HITPOINT WARNING * * *
You are more poisoned.
You barely miss the orc wizard.
The orc wizard is severely wounded.
* * * LOW HITPOINT WARNING * * *
You feel extremely sick.
The orc throws a boomerang.
The boomerang closely misses the orc wizard.
The boomerang hits you but does no damage.
The orc wizard barely misses you.
Unknown command.
It was a potion of brilliance.
You feel clever all of a sudden.
You die...

####.##.#$?##.# * *
#.#..#_$.......#.... * #
#...©#_$....©.$#©..# .
#.#..#_[.......#..# #
#.##.#$(##.##..#.#** ,
####.##.#8.##o##.8#.###.
........##..JslFF##....>
####.##..#########o.....
, #.##......))(@oos# , .
#.##..###..####o.# #
#.##..# #..# * ,....
###*..#..# #.... , ....
#.. ...... ...### ...
#.# #.#.#.###.? , ,). ,*
#.# #.#. .* #.## ., *
#.# #.## ###># ,
..###.###.....# *


You could see 2 bullfrogs, 2 scorpions, an iguana, 2 orc wizards, 3 orcs and an
endoplasm.

Vanquished Creatures
  An ogre (D:4)
  A jelly (D:4)
  2 hounds (D:4)
  3 adders
  6 orcs
  3 ball pythons
  3 bats
  An endoplasm (D:4)
  7 goblins
  6 hobgoblins
  4 kobolds
  3 quokkas
  A frilled lizard (D:3)
  2 rats (D:2)
43 creatures vanquished.

Notes
Turn   | Place    | Note
-------+----------+-------------------------------------------
     0 | D:1      | tilp the Meteoran Fighter began the quest for the Orb.
     0 | D:1      | Reached XP level 1. HP: 19/19 MP: 2/2
     0 | D:1      | Found a shimmering altar of Xom.
    65 | D:1      | Reached XP level 2. HP: 26/26 MP: 3/3
    82 | D:1      | Reached skill level 3 in Long Blades
   201 | D:2      | Found a sparkling altar of Nemelex Xobeh.
   255 | D:2      | Reached skill level 1 in Dodging
   365 | D:3      | Reached XP level 3. HP: 23/31 MP: 4/4
   384 | D:3      | Found a stormy altar of Qazlal.
   441 | D:3      | Found a snail-covered altar of Cheibriados.
   579 | D:2      | Reached skill level 1 in Throwing
   579 | D:2      | Reached XP level 4. HP: 36/40 MP: 5/5
   779 | D:4      | Reached skill level 4 in Long Blades
   860 | D:4      | Reached XP level 5. HP: 46/46 MP: 6/6
   904 | D:4      | Reached skill level 5 in Long Blades
   935 | D:4      | Reached XP level 6. HP: 52/52 MP: 7/7
  1007 | D:4      | Found an opulent altar of Gozag.
  1007 | D:4      | Found an ancient bone altar of Kikubaaqudgha.
  1008 | D:4      | Found a basalt altar of Yredelemnul.
  1014 | D:4      | Found a transporter.
  1021 | D:4      | Found a transporter.
  1025 | D:4      | Noticed an ogre
  1033 | D:4      | Killed an ogre
  1034 | D:4      | Reached skill level 6 in Long Blades
  1045 | D:4      | Succumbed to an orc wizard's poison

Illustrated notes

Levels and vault maps discovered:
D:1:      sevenhm_arrival_forest_fort_small_6, layout_rooms, st_stairs_9
D:2:      layout_basic, basic_altar, grunt_decor_arrowhead,
          minmay_close_crescents
D:3:      layout_basic, mainiacjoe_overflow_swirl
D:4:      layout_loops_ring, gammafunk_temple_overflow_arena,
          minmay_temple_entry_glassed_door, skrybe_limestone_x

Skill      XL: |  1  2  3  4  5  6 |
---------------+-------------------+-----
Long Blades    | 3 4 5 6 |  6.0
Dodging        | 1 2 |  2.0
Throwing       | 1 2 |  2.0
Fighting       | 4 |  4.0
Armour         | |  3.7
Shields        | |  3.7

Action                     |  1- 3 |  4- 6 || total
---------------------------+-------+-------++-------
  Melee: Long sword        |    48 |    52 ||   100
  Throw: Dart              |       |     4 ||     4
    Use: Scroll            |     5 |       ||     5
         Potion            |       |     1 ||     1
 Armour: Scale mail        |    28 |    14 ||    42
         Chain mail        |       |     9 ||     9
  Dodge: Dodged            |    26 |    16 ||    42
  Block: Buckler           |    12 |     7 ||    19

Table legend: (Time is in decaauts)
 A = Elapsed time spent in this place.
 B = Non-inter-level travel time spent in this place.
 C = Inter-level travel time spent in this place.
 D = Time resting spent in this place.
 E = Time spent auto-exploring this place.
 F = Levels seen in this place.
 G = Mean time per level.
                   A        B        C        D        E       F      G
               +--------+--------+--------+--------+--------+-----+--------+
         Total |   1070 |    978 |     92 |      0 |      0 |   4 |  267.5 |
       Dungeon |   1070 |    978 |     92 |      0 |      0 |   4 |  267.5 |
               +--------+--------+--------+--------+--------+-----+--------+

Top non-repeatable levels by time:
     D:3: 395 daAuts
     D:4: 386 daAuts
     D:2: 151 daAuts
     D:1: 137 daAuts
